 Dungeon Crawl Stone Soup version 0.32-a0-913-g739538afd8 (webtiles) character file.

Game seed: 1288568589916688649

9 Guivassao the Grave Robber (level 2, 13/13 HPs)
             Began as a Vine Stalker Necromancer on Apr 8, 2024.
             Quit the game on level 1 of the Dungeon.
             The game lasted 00:08:45 (181 turns).

Guivassao the Grave Robber (VSNe)                    Turns: 181, Time: 00:08:45

Health: 13/13      AC:  6    Str: 10    XL:     2   Next: 16%
Magic:  6/6        EV: 11    Int: 15    God:
Gold:   30         SH:  0    Dex: 14    Spells: 4/5 levels left

rFire   . . .        (no weapon)
rCold   . . .        (no shield)
rNeg    . . .        a - +0 robe
rPois   .            (no helmet)
rElec   .            (no cloak)
rCorr   .            (no gloves)
SInv    .            (no boots)
Will    .....        (no amulet)
Stlth   ++           c - +4 ring of protection
HPRegen 1.02/turn    (no ring)
MPRegen 0.10/turn

%: guardian spirit
@: no status effects
A: fangs 2, regeneration 1, magic shield, antimagic bite, no potion heal 2
a: no special abilities


You were on level 1 of the Dungeon.
You visited 1 branch of the dungeon, and saw 1 of its levels.

You collected 30 gold pieces.

Inventory:

Armour
 a - a +0 robe (worn)
Jewellery
 c - a +4 ring of protection (left hand)
Potions
 b - a potion of magic


   Skills:
 + Level 1.5 Dodging
 + Level 2.5 Stealth
 + Level 2.2 Spellcasting
 + Level 4.4 Necromancy


You had 4 spell levels left.
You knew the following spells:

 Your Spells              Type           Power      Damage    Failure   Level
a - Necrotise             Necr           56%        1d6       3%          1

Your spell library contained the following spells:

 Spells                   Type           Power      Damage    Failure   Level
 Vampiric Draining        Necr           14%        2d7       11%         3
 Animate Dead             Necr           14%        N/A       34%         4
 Curse of Agony           Necr           14%        N/A       69%         5


Dungeon Overview and Level Annotations

Branches:
Dungeon (1/15)

Altars:


Innate Abilities, Weirdness & Mutations

You have extremely sharp teeth.
Your natural rate of healing is unusually fast.
When hurt, damage is shared between your health and your magic reserves.
Your bite disrupts and absorbs the magic of your enemies.
Potions cannot restore your health.


Message History

The endoplasm hits you.
You hit the endoplasm.
You bite the endoplasm, but do no damage.
The endoplasm is severely wounded.
The endoplasm closely misses you.
You hit the endoplasm. You bite the endoplasm.
You kill the endoplasm!
You have reached level 2!
Unknown command.
c - a +4 ring of protection (left hand)
A ball python comes into view.
Found 15 gold pieces.
There is a stone staircase leading down here.
The ball python hisses angrily.
Found 5 stones.
The ball python misses you. The ball python closely misses you.
You hit the ball python.
You kill the ball python!
No target in view!
No target in view!
No target in view!
You see here a ball python corpse.
You now have 30 gold pieces (gained 15).
You see here a ball python corpse.
There is a stone staircase leading down here.
A ball python comes into view.
The ball python hisses angrily.
The ball python bites you. The ball python grabs you.
The ball python constricts you. The ball python bites you.
The ball python constricts you.
You barely miss the ball python. You bite the ball python.
You kill the ball python!
No target in view!
No target in view!
No target in view!
A kobold comes into view. It is wielding a +0 short sword.
Welcome back, Guivassao the Vine Stalker Necromancer.
Press ? for a list of commands and other information.
Welcome back, Guivassao the Vine Stalker Necromancer.
Press ? for a list of commands and other information.
Are you sure you want to abandon this character and quit the game? (Confirm with "yes".)

..... .# ....#.#
#.....# #
#.#...##.# ## ##
....... .....
K..###...# #.#.#
.........# #.#.###
#######..# #......
.......@.#
#...############.##
....#.....# #.#
....#.##########.#
#...#.#..........#
#.....#.##########
##..###.#
#...##.#######
#.............


There were no monsters in sight!

Vanquished Creatures
  An endoplasm (D:1)
  A goblin (D:1)
  A hobgoblin (D:1)
  2 jackals (D:1)
  2 ball pythons (D:1)
  A rat (D:1)
8 creatures vanquished.

Notes
Turn   | Place    | Note
-------+----------+-------------------------------------------
     0 | D:1      | Guivassao the Vine Stalker Necromancer began the quest for
                  | the Orb.
     0 | D:1      | Reached XP level 1. HP: 9/9 MP: 4/4
   117 | D:1      | Reached XP level 2. HP: 13/13 MP: 6/6
   181 | D:1      | Quit the game

Illustrated notes

Levels and vault maps discovered:
D:1:      eino_arrival_tree_alley, layout_basic, basic_ecumenical_altar,
          serial_shops, shop

Action                     || total
---------------------------++-------
  Melee: Unarmed           ||    28
         Bite              ||    10
   Stab: Sleeping          ||     2
 Armour: Robe              ||    17
  Dodge: Dodged            ||    19

Table legend: (Time is in decaauts)
 A = Elapsed time spent in this place.
 B = Non-inter-level travel time spent in this place.
 C = Inter-level travel time spent in this place.
 D = Time resting spent in this place.
 E = Time spent auto-exploring this place.
 F = Levels seen in this place.
 G = Mean time per level.
                   A        B        C        D        E       F      G
               +--------+--------+--------+--------+--------+-----+--------+
         Total |    180 |    175 |      5 |      0 |    120 |   1 |  180.0 |
       Dungeon |    180 |    175 |      5 |      0 |    120 |   1 |  180.0 |
               +--------+--------+--------+--------+--------+-----+--------+

Top non-repeatable levels by time:
     D:1: 180 daAuts
